 Dungeon Crawl Stone Soup version 0.27.0-1-g7a089689b8 (webtiles) character file.

Game seed: 7383397253147630642

9006 freelancePsychic the Nimble (level 11, -4/73 HPs)
             Began as a Kobold Delver on Aug 4, 2021.
             Was a Believer of Wu Jian.
             Slain by a boulder beetle (19 damage)
             ... on level 9 of the Dungeon.
             The game lasted 00:26:04 (11456 turns).

freelancePsychic the Nimble (Kobold Delver)        Turns: 11456, Time: 00:26:04

Health: -4/73      AC: 11    Str: 16      XL:     11   Next: 66%
Magic:  11/11      EV: 22    Int: 13 (14) God:    Wu Jian [**....]
Gold:   327        SH:  9    Dex: 17      Spells: 10/10 levels left

rFire    . . .     SeeInvis +   e - +5 short sword (elec)
rCold    . . .     Faith    .   H - +2 buckler
rNeg     . . .     Spirit   .   d - +1 leather armour of the Clam {SInv}
rPois    .         Reflect  .   A - +0 helmet
rElec    .         Harm     .   q - +2 cloak
rCorr    .         Rampage  .   y - +1 pair of gloves
Will     +....                  w - +0 pair of boots
Stlth    +++++.....             (no amulet)
HPRegen  0.22/turn              l - +6 ring of strength
MPRegen  0.12/turn              o - ring of willpower

@: very slow
A: small, no large weapons, nightstalker 3
a: Renounce Religion, Wall Jump


You were on level 9 of the Dungeon.
You worshipped Wu Jian.
Wu Jian was pleased with you.
You visited 2 branches of the dungeon, and saw 10 of its levels.

You collected 327 gold pieces.

Inventory:

Hand Weapons
 a - a +0 short sword
 e - a +5 short sword of electrocution (weapon)
 i - a +1 dagger
Missiles
 p - 37 poisoned darts (quivered)
 z - a throwing net
Armour
 d - the +1 leather armour of the Clam (worn) {SInv}
   (You found it on level 4 of the Dungeon)

   SInv:      It lets you see invisible.
 q - a +2 cloak (worn)
 w - a +0 pair of boots (worn)
 y - a +1 pair of gloves (worn)
 A - a +0 helmet (worn)
 C - a +0 troll leather armour
 H - a +2 buckler (worn)
Jewellery
 l - a +6 ring of strength (left hand)
 o - a ring of willpower (right hand)
 x - a +6 ring of strength
 D - a ring of magical power
Wands
 g - a wand of digging (3)
Scrolls
 c - a scroll of fog
 j - a scroll of magic mapping
 m - a scroll of enchant armour {unknown}
 s - a scroll of vulnerability {unknown}
 u - 4 scrolls of identify {@r1}
 v - a scroll of amnesia {unknown}
 E - a scroll of silence
Potions
 b - a potion of attraction
 f - a potion of brilliance
 h - a potion of berserk rage {unknown}
 n - a potion of flight {unknown}
 r - a potion of experience {unknown}
 t - 2 potions of might {unknown}
 F - 2 potions of invisibility {unknown}
 I - a potion of magic {unknown}


   Skills:
 + Level 10.5 Fighting
 - Level 9.3 Short Blades
 * Level 12.8 Dodging
 - Level 8.2 Stealth
 - Level 5.6 Shields


You had 10 spell levels left.
You didn't know any spells.
Your spell library contained the following spells:

 Spells                   Type           Power      Damage    Failure   Level
 Animate Skeleton         Necr           0%         N/A       36%         1
 Apportation              Tloc           0%         N/A       36%         1
 Corona                   Hex            0%         N/A       36%         1
 Summon Small Mammal      Summ           0%         N/A       36%         1


Dungeon Overview and Level Annotations

Branches:
Dungeon (9/15)             Temple (1/1) D:6            Lair (0/6) D:9
    Orc: D:9-12

Altars:
Ashenzari
Cheibriados
Dithmenos
Elyvilon
Fedhas
Gozag
Hepliaklqana
Kikubaaqudgha
Makhleb
Okawaru
Qazlal
Ru
Sif Muna
Trog
Uskayaw
Vehumet
Wu Jian
Xom
Yredelemnul
Zin
The Shining One

Shops:
D:3 :   D:6 (

Annotations:
D:3 Terence
D:5 1 runed translucent door, hawla's ghost, novice DENe
D:7 exclusions: downstairs and two-headed ogre
D:8 Harold; Maggie


Innate Abilities, Weirdness & Mutations

You are small and have problems with some larger weapons.
You are completely attuned to the shadows.


Message History

The manticore is lightly wounded.
The manticore misses you. The manticore barely misses you.
You block the manticore's attack.
You hit the manticore.
The manticore is moderately wounded.
Your surroundings suddenly seem different.
You start resting.
The boulder beetle is pulled toward you!
You feel less attractive to monsters.
Okay, then.
You spin and attack the boulder beetle repeatedly.
You hit the boulder beetle but do no damage. x2
Lightning courses through the boulder beetle!
The boulder beetle is lightly wounded.
The boulder beetle closely misses you.
The boulder beetle curls into a ball and begins rolling!
Okay, then.
The boulder beetle hits you.
* * * LOW HITPOINT WARNING * * *
The boulder beetle stops rolling and uncurls.
You hit the boulder beetle but do no damage.
Lightning courses through the boulder beetle!
The boulder beetle is moderately wounded.
The boulder beetle completely misses you.
You hit the boulder beetle but do no damage.
The boulder beetle is moderately wounded.
The boulder beetle completely misses you.
You hit the boulder beetle.
Lightning courses through the boulder beetle!
The boulder beetle is heavily wounded.
You hit the boulder beetle but do no damage.
The boulder beetle is heavily wounded.
The boulder beetle closely misses you.
You hit the boulder beetle.
Lightning courses through the boulder beetle!!
The boulder beetle is severely wounded.
You hit the boulder beetle but do no damage.
The boulder beetle is severely wounded.
The boulder beetle bites you!!
You die...

.........
............
#.........#
#..........
#........##
####.B@....
########


You could see a boulder beetle.

Vanquished Creatures
  A rakshasa (D:9)
  A hydra (D:9)
  A boulder beetle (D:9)
  A two-headed ogre (D:9)
  A centaur warrior (D:8)
  Pikel (D:3)
  An elephant (D:9)
  3 trolls (D:9)
  A slime creature (D:9)
  A hornet (D:8)
  A shadow (D:9)
  A wyvern (D:9)
  A vampire mosquito (D:9)
  Menkaure (D:7)
  2 acid dragons
  A water moccasin (D:7)
  3 black bears
  A necrophage (D:7)
  2 ogres
  7 centaurs
  A kobold brigand (D:4)
  5 bullfrogs
  3 scorpions (D:7)
  A wyvern skeleton (D:6)
  3 wights
  6 crimson imps (D:7)
  A bullfrog zombie (D:7)
  A centaur zombie (D:6)
  A jelly (D:6)
  An orc priest (D:9)
  2 centaur skeletons (D:7)
  2 gnoll shamans (D:6)
  5 hounds
  4 iguanas
  6 orc wizards
  2 hound skeletons (D:4)
  3 howler monkey zombies
  2 adders
  9 gnolls
  A howler monkey skeleton (D:7)
  A shadow imp (D:6)
  3 white imps (D:7)
  An ufetubus (D:7)
  An adder skeleton (D:4)
  A worm (D:3)
  3 dart slugs
  17 orcs
  3 endoplasms
  2 goblins
  6 hobgoblins
  7 kobolds
  4 quokkas
  5 ball pythons
  4 bats
  4 frilled lizards
  6 rats
  A spectral goblin (D:2)
160 creatures vanquished.

Vanquished Creatures (others)
  14 plants (D:4)
14 creatures vanquished.

Grand Total: 174 creatures vanquished

Notes
Turn   | Place    | Note
-------+----------+-------------------------------------------
     0 | D:5      | freelancePsychic the Kobold Delver began the quest for the
                  | Orb.
     0 | D:5      | Reached XP level 1. HP: 14/14 MP: 1/1
    11 | D:5      | Noticed an ogre
    33 | D:4      | Identified the +1 leather armour of the Clam {SInv}
    47 | D:4      | Reached XP level 2. HP: 9/19 MP: 2/2
   326 | D:4      | Noticed a lemure
   327 | D:4      | Noticed a lemure
   328 | D:4      | Noticed Pikel
   398 | D:3      | Noticed Terence
   488 | D:3      | Reached XP level 3. HP: 23/23 MP: 3/3
  1598 | D:2      | Found a faded altar of an unknown god.
  1643 | D:2      | Reached XP level 4. HP: 28/28 MP: 4/4
  1708 | D:2      | HP: 1/28 [gnoll (5)]
  2457 | D:3      | Found Wogoecs's Book Shop.
  2770 | D:3      | Reached XP level 5. HP: 21/33 MP: 5/5
  3215 | D:4      | Noticed a lemure
  3891 | D:4      | Noticed an ogre
  4192 | D:5      | Found a runed translucent door.
  4193 | D:5      | Noticed hawla's ghost (novice DENe)
  4198 | D:5      | Noticed a troll
  4242 | D:5      | Noticed an ogre
  4246 | D:5      | Killed an ogre
  4247 | D:5      | Reached skill level 5 in Short Blades
  4247 | D:5      | Reached XP level 6. HP: 38/38 MP: 6/6
  5177 | D:4      | Reached skill level 1 in Shields
  5413 | D:3      | Killed Pikel
  5414 | D:3      | Reached skill level 5 in Fighting
  5414 | D:3      | Reached XP level 7. HP: 40/44 MP: 7/7
  5414 | D:3      | Reached XP level 8. HP: 45/50 MP: 8/8
  6822 | D:6      | Found an iron altar of Okawaru.
  7285 | D:6      | Found a staircase to the Ecumenical Temple.
  7291 | Temple   | Entered the Ecumenical Temple
  7586 | D:6      | Found Hoiph's Antique Weapon Emporium.
  7851 | D:6      | Reached skill level 3 in Dodging
  7851 | D:6      | Reached XP level 9. HP: 56/56 MP: 9/9
  8274 | Temple   | Became a worshipper of Cheibriados the Contemplative
  8495 | Temple   | Fell from the grace of Cheibriados
  8495 | Temple   | Became a worshipper of the Wu Jian Council
  8682 | D:7      | Noticed a two-headed ogre
  8752 | D:7      | Reached skill level 4 in Dodging
  9090 | D:7      | Reached skill level 5 in Dodging
  9174 | D:8      | Noticed a hornet
  9422 | D:6      | Reached skill level 6 in Dodging
  9544 | D:7      | Noticed a two-headed ogre
  9561 | D:7      | Reached * piety under Wu Jian
  9656 | D:7      | Noticed Menkaure
  9657 | D:7      | Killed Menkaure
  9672 | D:7      | Reached skill level 7 in Dodging
  9779 | D:7      | Reached XP level 10. HP: 64/64 MP: 10/10
  9793 | D:7      | Noticed a freezing wraith
  9819 | D:8      | Reached skill level 5 in Shields
  9834 | D:8      | Found a sacrificial altar of Ru.
  9837 | D:8      | Noticed Maggie
  9849 | D:8      | Reached skill level 8 in Dodging
 10025 | D:8      | Noticed a centaur warrior
 10035 | D:8      | Killed a centaur warrior
 10036 | D:8      | Reached skill level 9 in Dodging
 10146 | D:8      | Noticed Harold
 10647 | D:9      | Found a broken altar of Ashenzari.
 10704 | D:9      | Found a bloodstained altar of Trog.
 10764 | D:9      | Noticed an elephant
 10765 | D:9      | Found a staircase to the Lair.
 10767 | D:9      | Killed an elephant
 10774 | D:9      | Reached skill level 10 in Dodging
 10970 | D:9      | Noticed a four-headed hydra
 10983 | D:9      | Killed a four-headed hydra
 10984 | D:9      | Reached XP level 11. HP: 42/71 MP: 11/11
 11003 | D:9      | Reached skill level 11 in Dodging
 11030 | D:9      | Reached ** piety under Wu Jian
 11085 | D:9      | Noticed a boulder beetle
 11110 | D:9      | Noticed a two-headed ogre
 11132 | D:9      | Killed a two-headed ogre
 11133 | D:9      | Reached skill level 10 in Fighting
 11133 | D:9      | Reached skill level 12 in Dodging
 11386 | D:9      | Noticed a rakshasa
 11403 | D:9      | Noticed a boulder beetle
 11414 | D:9      | Killed a rakshasa
 11437 | D:9      | Killed a boulder beetle
 11438 | D:9      | Noticed a manticore
 11456 | D:9      | Slain by a boulder beetle

Illustrated notes

Levels and vault maps discovered:
D:1:      amcnicky_arrival_choice, layout_basic, hex_medium
D:2:      layout_basic, dreamdust_ecumenical_altar_drowned_temple,
          grunt_decor_one_mirror
D:3:      layout_basic, serial_shops, shop_fountains, uniq_terence
D:4:      layout_rooms, lexackson_kobold_supper, uniq_pikel
D:5:      layout_gridville, ebering_ghost_inner_flame
D:6:      layout_layer_cave, lemuel_doored_altar, temple_green, serial_shops,
          nicolae_shop_statue_plus
D:7:      nzn_winding_woodlands_stair_cross
          [nzn_winding_woodlands_5x15_split_checker,
          nzn_winding_woodlands_center_diamonds,
          nzn_winding_woodlands_5x15_parted,
          nzn_winding_woodlands_5x5_perimeter, nzn_winding_woodlands_hourglass,
          nzn_winding_woodlands_5x15_pool, nzn_winding_woodlands_center_lodge,
          nzn_winding_woodlands_5x15_concentric], layout_cave_pools,
          minmay_nine_imps, uniq_menkaure
D:8:      layout_loops_cross, lemuel_crystal_altar, uniq_maggie, uniq_harold
D:9:      minmay_the_grid_triangle_9x9_recursive_2_mashed
          [minmay_the_grid_triangle_9x9_prize_schism,
          minmay_the_grid_triangle_9x9_flanged_cone,
          minmay_the_grid_triangle_9x9_windchime,
          minmay_the_grid_triangle_9x9_odd_lines], layout_basic,
          nemelex_xobeh_ov_fountains_minmay,
          mainiacjoe_overflow_small_starburst,
          mainiacjoe_overflow_six_doors_small, david_lair_generic
Temple:   minmay_temple_bridge_d

Skill      XL: |  1  2  3  4  5  6  7  8  9 10 11 |
---------------+----------------------------------+-----
Short Blades   | 3 4 5 7 9 |  9.3
Stealth        | 7 8 |  8.2
Fighting       | 4 5 6 7 9 10 | 10.5
Shields        | 2 3 4 5 |  5.6
Dodging        | 3 7 10 12 | 12.8

Action                   |  1- 3 |  4- 6 |  7- 9 | 10-12 || total
-------------------------+-------+-------+-------+-------++-------
Melee: Short sword       |    71 |       |   196 |   191 ||   458
       Dagger            |    15 |   183 |    52 |       ||   250
Throw: Dart              |       |       |     3 |     3 ||     6
       Throwing net      |       |       |     1 |       ||     1
Invok: Lunge             |       |       |     9 |    11 ||    20
       Whirlwind         |       |       |       |     6 ||     6
Evoke: Wand              |       |     4 |       |       ||     4
  Use: Scroll            |     4 |     2 |     5 |     4 ||    15
       Potion            |     1 |     1 |     1 |     6 ||     9
 Stab: Sleeping          |    12 |    12 |    22 |     9 ||    55
       Distracted        |       |       |     1 |       ||     1
Armor: Leather armour    |    11 |    28 |    40 |    20 ||    99
Dodge: Dodged            |    50 |   107 |    88 |   120 ||   365
Block: Buckler           |       |     6 |    39 |    54 ||    99
